Map: Port Aleksander LE

Players

PtitDrogo - Winner!

  • Race: Protoss Protoss
  • League: Grandmaster
  • Spawn Location: 11:00

Rail

  • Race: Protoss Protoss
  • League: Grandmaster
  • Spawn Location: 5:00

Event: 2019 WCS Winter Europe

VOD

Have the link to the VOD?

Description

Time

  • Played on: March 24, 2019, 9:38 a.m.
  • Length: 11:15

All games in this series

Show
View Real Time Build Order
Export as new Build Order

PtitDrogo Protoss - Winner!

Build Orders: Zealot Archon 

Get SALT Encoding   

  12  0:00  Probe  
  13  0:12  Probe  
  14  0:18  Pylon  
  14  0:24  Probe  
  15  0:32  Probe  
  15  0:38  Gateway  
  15  0:40  Probe  
  16  0:47  Assimilator  
  17  0:51  Probe  
  17  0:56  Assimilator  
  18  0:59  Probe  
  19  1:07  Probe  
  20  1:15  Gateway  
  20  1:17  Probe  
  21  1:27  Cybernetics Core  
  21  1:29  Probe  
  22  1:39  Pylon  
  22  1:43  Probe  
  23  1:56  Warp Gate  
  23  1:57  Probe  
  24  2:03  Stalker, Sentry  
  28  2:10  Probe  
  29  2:15  Pylon  
  29  2:22  Probe  
  30  2:40  Sentry  
  30  2:41  Nexus  
  30  2:43  Sentry  
  34  2:47  Probe  
  35  2:59  Probe  
  35  3:05  Shield Battery  
  36  3:11  Probe  
  33  3:19  Forge  
  29  3:21  Shield Battery  
  29  3:24  Probe  
  25  3:36  Probe  
  24  3:44  Adept  
  24  3:46  Adept  
  24  3:48  Probe  
  29  3:54  Protoss Ground Weapons Level 1, Probe  
  29  4:00  Probe  
  29  4:02  Probe  
  31  4:07  Sentry  
  34  4:11  Stalker  
  34  4:12  Probe x2  
  37  4:24  Probe  
  37  4:25  Probe  
  39  4:36  Probe  
  39  4:37  Probe  
  41  4:48  Probe  
  41  4:49  Probe  
  41  4:53  Photon Cannon  
  41  4:55  Stalker  
  41  4:58  Stalker, Probe  
  45  5:00  Probe  
  45  5:06  Probe  
  45  5:08  Probe  
  47  5:16  Probe  
  47  5:17  Pylon  
  47  5:20  Adept  
  50  5:23  Probe, Adept  
  53  5:30  Twilight Council  
  53  5:33  Probe  
  53  5:34  Probe  
  54  5:36  Protoss Ground Weapons Level 2  
  54  5:37  Pylon  
  55  5:43  Probe  
  55  5:44  Stalker  
  55  5:45  Probe  
  55  5:48  Assimilator  
  59  5:50  Assimilator  
  59  5:55  Probe  
  60  5:57  Charge  
  60  5:58  Robotics Facility  
  60  6:00  Probe  
  59  6:15  Gateway  
  59  6:16  Gateway  
  57  6:25  Gateway x2  
  57  6:30  Gateway  
  57  6:37  Gateway  
  57  6:39  Pylon  
  57  6:46  Warp Prism  
  59  6:53  Pylon  
  59  7:07  Templar Archives  
  59  7:08  Zealot x2  
  63  7:09  Zealot  
  63  7:11  Pylon  
  63  7:14  Pylon  
  63  7:15  Zealot  
  67  7:23  Observer  
  67  7:27  Protoss Ground Weapons Level 3  
  68  7:30  Zealot x4  
  68  7:35  Pylon  
  68  7:37  Pylon  
  76  7:44  High Templar x4  
  76  7:45  Pylon  
  76  7:48  Archon x2  
  83  7:59  Zealot x2  
  83  8:03  Zealot  
  89  8:05  Zealot  
  91  8:19  High Templar x2  
  95  8:23  Nexus  
  95  8:25  Archon  
  95  8:31  Zealot x4  
  95  8:32  Zealot  
  104  8:42  Zealot  
  90  8:52  Zealot x4  
  90  8:58  Zealot  
  86  9:03  Zealot  
  86  9:07  Zealot  
  82  9:15  High Templar x3  
  82  9:16  High Templar  
  90  9:20  Archon x2  
  90  9:32  Nexus  
  90  9:36  Pylon  
  90  9:37  High Templar  
  92  9:39  High Templar  
  92  9:43  Zealot, Archon  
  96  9:48  Zealot  
  96  9:50  Zealot  
  100  9:59  Zealot  
  102  10:07  Zealot x2  
  106  10:20  Zealot x2, High Templar x2  
  114  10:24  Archon  
  114  10:28  Zealot x2  
  118  10:41  High Templar x2  
  118  10:42  Zealot x2  
  124  10:45  Archon  
  126  10:53  Zealot x2  
  128  11:00  Zealot x2  
  128  11:03  Zealot  
  120  11:08  Zealot  
Show
View Real Time Build Order
Export as new Build Order

Rail Protoss 

Build Orders: Oracle Opening, Zealot Archon 

Get SALT Encoding   

  12  0:00  Probe  
  13  0:12  Probe  
  14  0:18  Pylon  
  14  0:24  Probe  
  15  0:32  Probe  
  15  0:39  Gateway  
  15  0:40  Probe  
  16  0:49  Assimilator  
  17  0:51  Probe  
  17  0:56  Assimilator  
  18  0:59  Probe  
  19  1:09  Probe  
  19  1:10  Gateway  
  20  1:20  Probe  
  21  1:26  Cybernetics Core  
  21  1:32  Probe  
  22  1:37  Pylon  
  22  1:44  Probe  
  23  1:56  Probe  
  24  2:02  Adept x2  
  24  2:03  Warp Gate  
  29  2:14  Pylon  
  28  2:16  Stargate  
  28  2:43  Nexus  
  28  2:50  Sentry  
  30  2:58  Probe  
  33  3:10  Oracle  
  33  3:11  Probe  
  35  3:23  Probe  
  34  3:35  Probe  
  34  3:38  Forge  
  33  3:46  Probe  
  34  3:51  Adept x2  
  34  3:52  Probe  
  34  3:54  Probe  
  38  3:57  Robotics Facility  
  38  4:00  Probe  
  40  4:03  Probe  
  42  4:11  Protoss Ground Weapons Level 1, Probe  
  42  4:13  Probe  
  44  4:23  Probe  
  45  4:25  Probe  
  45  4:31  Adept x2  
  45  4:35  Probe  
  45  4:38  Probe  
  42  4:46  Probe  
  42  4:47  Probe  
  43  4:54  Probe  
  43  4:55  Probe  
  45  5:02  Probe  
  45  5:04  Probe  
  45  5:05  Pylon  
  45  5:06  Observer  
  47  5:12  Twilight Council  
  47  5:13  Probe x2  
  48  5:14  Sentry  
  48  5:18  Assimilator  
  48  5:20  Assimilator  
  52  5:21  Probe  
  52  5:25  Probe  
  54  5:29  Pylon  
  54  5:34  Immortal, Probe  
  54  5:35  Probe  
  58  5:36  Protoss Ground Weapons Level 2  
  60  5:45  Pylon  
  60  5:46  Probe  
  60  5:49  Charge, Probe  
  64  6:16  Gateway x2  
  64  6:18  Immortal  
  66  6:19  Probe  
  66  6:21  Sentry  
  69  6:27  Gateway  
  69  6:28  Gateway  
  69  6:30  Gateway  
  69  6:36  Templar Archives  
  69  6:44  Pylon  
  69  6:48  Pylon  
  69  6:51  Gateway  
  69  6:55  Gateway  
  69  6:59  Warp Prism  
  71  7:08  Pylon  
  71  7:09  Pylon  
  71  7:10  Observer  
  71  7:12  Zealot, High Templar x2  
  71  7:13  Zealot  
  79  7:20  Archon  
  79  7:24  Pylon x2  
  79  7:26  Probe  
  80  7:33  Protoss Ground Weapons Level 3  
  80  7:34  High Templar x2  
  84  7:40  Nexus  
  84  7:41  Zealot, Archon  
  86  7:44  Pylon  
  86  8:04  Zealot  
  86  8:05  Zealot x3  
  94  8:09  Zealot  
  96  8:14  Zealot, High Templar x2  
  96  8:18  Archon  
  102  8:28  Zealot x4  
  110  8:38  Zealot x2  
  112  8:47  Zealot x2  
  112  8:48  Zealot  
  91  8:55  Zealot x3  
  87  8:58  Probe  
  81  9:05  Zealot  
  67  9:10  Probe x2  
  65  9:18  Probe  
  65  9:22  Probe  
  67  9:26  Phoenix  
  67  9:33  Probe  
  67  9:34  Probe  
  67  9:35  High Templar x2  
  75  9:38  High Templar  
  75  9:39  High Templar, Archon  
  75  9:43  Zealot, Archon  
  75  9:45  Probe  
  82  9:49  Probe  
  82  9:51  Probe  
  84  9:54  High Templar  
  84  9:55  High Templar  
  84  9:59  Archon  
  88  10:01  Sentry  
  88  10:02  Probe  
  91  10:08  Zealot x2  
  91  10:13  Zealot  
  97  10:19  Probe  
  98  10:23  Zealot  
  98  10:27  High Templar x2  
  106  10:29  Zealot  
  106  10:30  Zealot  
  106  10:32  Archon  
  106  10:34  Zealot  
  110  10:38  Zealot  
  110  10:42  Zealot  
  114  10:49  Zealot  
  111  10:55  Zealot  
Tags
 
Add a new tag
Caveats
  • Supply blocks, unpowered buildings, or Contaminate may cause inaccurate times.
  • Supply counts are checked every 10 seconds.